 Dungeon Crawl Stone Soup version 0.29.1-4-g47bece8355 (webtiles) character file.

Game seed: 17386491940288291427

6145 FexLirch the Summoner (level 11, -1/92 HPs)
             Began as a Meteoran Wanderer on Dec 6, 2022.
             Was an Initiate of Ashenzari.
             Slain by a five-headed hydra (8 damage)
             ... on level 9 of the Dungeon.
             The game lasted 01:04:26 (5222 turns).

FexLirch the Summoner (Meteoran Wanderer)           Turns: 5222, Time: 01:04:26

Health: -1/92      AC: 13    Str: 17    XL:     11   Next: 34%
Magic:  20/20      EV:  9    Int: 20    God:    Ashenzari [......]
Gold:   394        SH:  6    Dex: 12    Spells: 17/21 levels left

rFire   . . .      SeeInvis .   G - +3 mace (protect)
rCold   . . .      Faith    .   b - +0 buckler
rNeg    . . .      Spirit   .   u - +3 scale mail "Unveiling Monotheism" {Int+3, Comp, Alch} (curse)
rPois   .          Reflect  .   (no helmet)
rElec   .          Harm     .   M - +0 cloak
rCorr   .          Rampage  .   D - +0 pair of gloves
Will    +....                   (no boots)
Stlth   ..........              (no amulet)
HPRegen 0.25/turn               (no ring)
MPRegen 0.17/turn               (no ring)

@: glowing
A: sense surroundings 2, otherworldly, glowing, explore regen
a: Renounce Religion, Curse Item, Shatter the Chains


You were on level 9 of the Dungeon.
You worshipped Ashenzari.
Ashenzari was noncommittal.
You visited 2 branches of the dungeon, and saw 10 of its levels.
You also visited: Ossuary.

You collected 394 gold pieces.

Inventory:

Hand Weapons
 a - a +2 mace
 y - a +0 flail of protection
 G - a +3 mace of protection (weapon)
 L - a +5 spear
Missiles
 g - 42 stones
 i - 17 poisoned darts
Armour
 b - a +0 buckler (worn)
 d - a +0 robe
 k - a +0 plate armour
 u - the cursed +3 scale mail "Unveiling Monotheism" (worn) {Int+3, Comp, Alch}
   (You found it on level 3 of the Dungeon)

   Int:       It affects your intelligence (+3).
   It has a curse which improves the following skills: Companions: Summonings
   and Necromancy.
   Alchemy:   Poison Magic and Transmutations.
 D - a +0 pair of gloves (worn)
 M - a +0 cloak (worn)
Magical Staves
 C - a staff of fire
Wands
 H - a wand of flame (14)
 I - a wand of roots (6)
 N - a wand of digging (11)
Scrolls
 f - a scroll of poison
 m - a scroll of torment {unknown}
 n - a scroll of blinking {unknown}
 p - a scroll of enchant armour {unknown}
 r - a scroll of noise
 s - a scroll of magic mapping {unknown}
 x - a scroll of enchant weapon
 z - 2 scrolls of immolation
 E - a scroll of teleportation {unknown}
 J - a scroll of summoning {unknown}
 K - a scroll of butterflies {unknown}
Potions
 c - a potion of lignification
 e - 2 potions of mutation
 h - 5 potions of curing
 o - 3 potions of attraction
 q - a potion of flight {unknown}
 t - a potion of brilliance
 v - a potion of ambrosia {unknown}
 w - 3 potions of degeneration {unknown}
 A - 2 potions of might {unknown}
 B - a potion of berserk rage {unknown}
 F - a potion of haste {unknown}


   Skills:
 + Level 7.0 Fighting
 - Level 5.6 Maces & Flails
 + Level 4.7 Polearms
 + Level 7.8 Armour
 + Level 7.8 Shields
 + Level 5.7 Spellcasting
 - Level 5.0 Hexes
 + Level 10.1(10.6) Summonings
 - Level 1.2 Invocations


You had 17 spell levels left.
You knew the following spells:

 Your Spells              Type           Power      Damage    Failure   Level
a - Summon Small Mammal   Summ           100%       N/A       1%          1
b - Summon Guardian Gole  Hex/Summ       37%        N/A       4%          3

Your spell library contained the following spells:

 Spells                   Type           Power      Damage    Failure   Level
 Gell's Gravitas          Tloc           5%         N/A       75%         3
 Teleport Other           Tloc           5%         N/A       75%         3
 Dispersal                Tloc           2%         N/A       100%        6


Dungeon Overview and Level Annotations

Branches:
Dungeon (9/15) Zot: 567    Temple (1/1) D:4 Zot: 557    Lair (0/5) D:8
Ossuary (visited)
    Orc: D:9-12

Altars:
Ashenzari
Cheibriados
Elyvilon
Fedhas
Gozag
Hepliaklqana
Kikubaaqudgha
Makhleb
Nemelex Xobeh
Okawaru
Qazlal
Ru
Sif Muna
Trog
Uskayaw
Vehumet
Wu Jian
Xom
Yredelemnul

Shops:
D:5 :

Annotations:
D:3 3 runed translucent doors, ZoeForever1's ghost, amateur GnTm


Innate Abilities, Weirdness & Mutations

You passively map the area around you.
You are easily found by Zot.
You glow in the dark.
You regain HP and MP as you explore.


Message History

Unknown command.
Unknown command.
Unknown command.
Unknown command.
Unknown command.
Unknown command.
Unknown command.
You feel much better. The wraith hits you! The five-headed hydra bites you.
* * * LOW HITPOINT WARNING * * *
The five-headed hydra bites you.
* * * LOW HITPOINT WARNING * * *
The five-headed hydra bites you but does no damage.
The five-headed hydra barely misses you.
The five-headed hydra bites you but does no damage.
You feel much better. The wraith hits you but does no damage.
You block the five-headed hydra's attack. x2
The five-headed hydra bites you but does no damage.
The five-headed hydra bites you. The five-headed hydra bites you!
Unknown command.
As you read the scroll labelled KIADE DOICERR, it crumbles to dust.
It is a scroll of enchant weapon.
Your +2 mace of protection glows red for a moment.
The wraith closely misses you. The five-headed hydra bites you.
* * * LOW HITPOINT WARNING * * *
The five-headed hydra bites you but does no damage. x2
The five-headed hydra bites you.
* * * LOW HITPOINT WARNING * * *
The five-headed hydra bites you but does no damage.
As you read the scroll labelled XASIOGOOXOO, it crumbles to dust.
You hear a loud clanging noise!
It was a scroll of noise.
You hear a shout! x2; You hear a bellow! x3
The wraith barely misses you. The five-headed hydra bites you!
* * * LOW HITPOINT WARNING * * *
The five-headed hydra completely misses you.
The five-headed hydra bites you but does no damage.
The five-headed hydra bites you!
* * * LOW HITPOINT WARNING * * *
The five-headed hydra bites you!
You die...

....#...#...#
#.....#...#...# ,*
#..#..#...#...#*
#..#..#...#...# ,
#..#..#.......##..
*
#..#..#.......D...
*
#..#......#.......,
#..W......#.......
#..@D##...#.......
#....##.<.#......#
#....##.))#......#
#....##°.).......#
*
#....##..)........
#....##...##.#### *
#.........# .+ >, ∩
#.........# # ,
.###..# , ,


You could see a five-headed hydra (inner flame) and a wraith (inner flame).

Vanquished Creatures
  Pikel (D:8)
  Grinder (D:4)
  3 yaks (D:8)
  Eustachio (D:5)
  A steam dragon (D:8)
  2 water moccasins
  3 black bears
  An orc warrior (D:8)
  A sky beast (D:6)
  A centaur (D:7)
  2 elf zombies (Ossuary)
  A phantom (D:5)
  2 bullfrogs
  A necrophage (D:7)
  2 scorpions
  2 wights (D:7)
  3 howler monkeys (D:7)
  3 centaur zombies (Ossuary)
  2 jellies
  A human zombie (D:4)
  2 orc priests
  An iguana (D:6)
  An orc wizard (D:6)
  2 mummies (Ossuary)
  4 adders
  4 gnolls (D:8)
  A shadow imp (D:5)
  3 white imps
  A worm (D:4)
  4 dart slugs
  12 orcs
  5 ball pythons
  3 bats
  3 endoplasms
  3 giant cockroaches
  4 hobgoblins
  6 jackals
  5 kobolds
  A quokka (D:3)
  2 frilled lizards
  4 goblins
  7 hobgoblin zombies
  5 kobold zombies (Ossuary)
  6 orc zombies (Ossuary)
  4 rats
  A rat zombie (Ossuary)
128 creatures vanquished.

Vanquished Creatures (collateral kills)
  A phantom (D:4)
  An elf zombie (Ossuary)
  A centaur zombie (Ossuary)
  A hound (D:6)
  A jelly (D:4)
  3 iguanas
  2 orcs
  2 endoplasms
  2 hobgoblins
  5 jackals
  3 kobolds
  A nameless horror (D:6)
  A ball python (D:3)
  A frilled lizard (D:2)
  4 goblins
  A goblin zombie (Ossuary)
  A hobgoblin zombie (Ossuary)
  2 kobold zombies (Ossuary)
  5 orc zombies (Ossuary)
  A rat (D:2)
39 creatures vanquished.

Vanquished Creatures (others)
  A vampire (D:7)
  3 yaks (D:8)
  A steam dragon (D:7)
  3 water moccasins (D:8)
  A sky beast (D:6)
  2 black bears
  2 orc warriors
  An ogre (D:4)
  2 centaurs
  An elf zombie (Ossuary)
  A kobold brigand (D:8)
  A gnoll sergeant (D:8)
  10 wights
  A human zombie (Ossuary)
  A gnoll bouda (D:8)
  2 iguanas
  A gnoll (D:8)
  An orc (D:7)
  A hobgoblin zombie (Ossuary)
  57 fungi (D:8)
  51 plants (D:8)
144 creatures vanquished.

Grand Total: 311 creatures vanquished

Notes
Turn   | Place    | Note
-------+----------+-------------------------------------------
     0 | D:1      | FexLirch the Meteoran Wanderer began the quest for the Orb.
     0 | D:1      | FexLirch set off with the following items: a +2 mace, a +0
                  | buckler, a potion of lignification, a +0 robe; and the
                  | following spell memorised: Summon Small Mammal; and the
                  | following spells available to memorise: Summon Guardian
                  | Golem.
     0 | D:1      | Reached XP level 1. HP: 14/14 MP: 3/3
   217 | D:1      | Reached XP level 2. HP: 22/22 MP: 5/5
   276 | D:1      | Reached skill level 2 in Summonings
   342 | D:1      | Reached skill level 1 in Fighting
   423 | D:1      | Found a faded altar of an unknown god.
   447 | D:1      | Reached XP level 3. HP: 17/28 MP: 6/6
   451 | D:1      | Learned a level 3 spell: Summon Guardian Golem
   492 | D:1      | Glimpsed the power of Zot.
   540 | D:1      | Glimpsed the power of Zot.
   564 | D:2      | Reached skill level 3 in Summonings
   621 | D:2      | Found a hide-covered altar of Uskayaw.
   770 | D:2      | Reached XP level 4. HP: 9/35 MP: 3/7
   830 | D:2      | Reached skill level 1 in Hexes
   931 | D:3      | Identified the +3 scale mail of the Thunderstorm {Int+3}
  1167 | D:3      | Found a runed translucent gate.
  1167 | D:3      | Found a runed translucent gate.
  1167 | D:3      | Found a runed translucent gate.
  1241 | D:3      | Found an ornate altar of the Wu Jian Council.
  1352 | D:3      | Noticed ZoeForever1's ghost (amateur GnTm)
  1371 | D:3      | Found an ancient bone altar of Kikubaaqudgha.
  1455 | D:4      | Noticed an ogre
  1462 | D:4      | Killed an ogre
  1463 | D:4      | Reached skill level 4 in Summonings
  1463 | D:4      | Reached XP level 5. HP: 42/42 MP: 2/8
  1476 | D:4      | Reached XP level 6. HP: 47/50 MP: 5/9
  1476 | D:4      | Found a sand-covered staircase.
  1507 | Ossuary  | Entered an ossuary
  1681 | Ossuary  | Reached XP level 7. HP: 36/56 MP: 0/10
  1695 | Ossuary  | Reached skill level 5 in Summonings
  1893 | Ossuary  | Reached skill level 6 in Summonings
  1893 | Ossuary  | Reached XP level 8. HP: 39/63 MP: 1/11
  1993 | D:4      | Found a staircase to the Ecumenical Temple.
  2058 | Temple   | Entered the Ecumenical Temple
  2095 | Temple   | Became a worshipper of Ashenzari the Shackled
  2109 | D:4      | Noticed Grinder
  2129 | D:4      | Killed Grinder
  2359 | D:4      | Reached skill level 7 in Summonings
  2366 | D:4      | Found a hazy altar of Hepliaklqana.
  2409 | D:4      | Found a snail-covered altar of Cheibriados.
  2541 | D:5      | Entered Level 5 of the Dungeon
  2552 | D:5      | Reached skill level 5 in Armour
  2639 | D:5      | Noticed Eustachio
  2656 | D:5      | Gained mutation: You passively map the area around you.
                  | [Meteoran growth]
  2656 | D:5      | Reached XP level 9. HP: 50/72 MP: 1/12
  2777 | D:5      | Found an iron altar of Okawaru.
  2785 | D:5      | Reached skill level 5 in Shields
  2835 | D:5      | Killed Eustachio
  3052 | D:5      | Found an opulent altar of Gozag.
  3098 | D:5      | Found Xyeceth's Self-Improvement Boutique.
  3271 | D:5      | Reached skill level 5 in Hexes
  3271 | D:5      | Reached skill level 8 in Summonings
  3309 | D:5      | Glimpsed the power of Zot.
  3481 | D:6      | Reached skill level 5 in Fighting
  3875 | D:6      | Reached XP level 10. HP: 76/81 MP: 10/15
  3897 | D:6      | Glimpsed the power of Zot.
  3997 | D:7      | Reached skill level 5 in Maces & Flails
  3997 | D:7      | Reached skill level 1 in Polearms
  4038 | D:7      | Reached skill level 9 in Summonings
  4389 | D:7      | Identified the +5 scale mail of Lullangy {Rampage rPois}
  4489 | D:7      | Glimpsed the power of Zot.
  4539 | D:7      | Glimpsed the power of Zot.
  5042 | D:8      | Found a hide-covered altar of Uskayaw.
  5089 | D:8      | Noticed Pikel
  5092 | D:8      | Glimpsed the power of Zot.
  5098 | D:8      | Reached skill level 5 in Spellcasting
  5098 | D:8      | Reached XP level 11. HP: 85/91 MP: 15/19
  5109 | D:8      | Killed Pikel
  5110 | D:8      | Reached skill level 10 in Summonings
  5120 | D:8      | Found a staircase to the Lair.
  5142 | D:8      | Glimpsed the power of Zot.
  5192 | D:9      | Noticed a five-headed hydra
  5222 | D:9      | Slain by a five-headed hydra

Illustrated notes

Levels and vault maps discovered:
D:1:      eino_arrival_tree_alley, layout_loops_corners,
          hellmonk_ecumenical_altar_inner_sanctum,
          hangedman_decor_clover_reticule
D:2:      layout_rooms, basic_altar
D:3:      layout_rooms, nicolae_kikubaaqudgha_miasma_corner,
          nicolae_wu_jian_wuxing_cycle, gammafunk_ghost_necromancy,
          kennysheep_generic_room_11
D:4:      layout_rooms, chei_slow_surprise, nzn_hepliaklqana_mist_gate,
          minmay_temple_entry_large_hall, enter_ossuary_3, uniq_grinder
D:5:      layout_loops_ring, mainiacjoe_overflow_catwalk,
          kennysheep_okawaru_gauntlet, nicolae_kite_square_tiling_tiny,
          nicolae_shop_self_help, uniq_eustachio
D:6:      layout_loops_ring, st_stairs_7
D:7:      layout_basic, dk_rats_in_the_wall
D:8:      cheibrodos_quashed, layout_basic, nicolae_tso_swordbearing_angel,
          nicolae_uskayaw_dance_hall, due_lair_maze_entry_diamond, uniq_pikel
D:9:      layout_long_grid, serial_shops, nicolae_shop_hallway_stairs
Temple:   nicolae_temple_ecumenical_triangle

Skill      XL: |  1  2  3  4  5  6  7  8  9 10 11 |
---------------+----------------------------------+-----
Summonings     | 2 3 4 6 7 8 9 10 | 10.1
Fighting       | 1 2 3 4 5 6 7 |  7.0
Hexes          | 1 2 3 4 5 |  5.0
Armour         | 3 4 5 6 7 |  7.8
Shields        | 3 4 6 7 |  7.8
Spellcasting   | 2 5 |  5.7
Maces & Flails | 5 |  5.6
Polearms       | 4 |  4.7
Invocations    | |  1.2

Action                   |  1- 3 |  4- 6 |  7- 9 | 10-12 || total
-------------------------+-------+-------+-------+-------++-------
Melee: Mace              |    75 |    23 |    68 |    84 ||   250
       Flail             |       |    66 |   232 |       ||   298
       Spear             |       |       |       |   127 ||   127
 Cast: Summon Small Mamm |    15 |    37 |    93 |    76 ||   221
       Summon Guardian G |     2 |     2 |    20 |    27 ||    51
Invok: Curse Item        |       |       |     1 |       ||     1
  Use: Scroll            |       |     2 |     4 |     5 ||    11
       Potion            |       |       |     2 |     4 ||     6
 Stab: Distracted        |     1 |     1 |     1 |       ||     3
Armor: Robe              |    21 |     4 |       |       ||    25
       Scale mail        |       |   114 |   333 |   108 ||   555
       Skin              |       |       |    54 |       ||    54
Dodge: Dodged            |    38 |    60 |   177 |    71 ||   346
Block: Buckler           |    17 |    33 |   116 |    63 ||   229
